 Dungeon Crawl Stone Soup version 0.25.1-2-g60ff931df9 (webtiles) character file.

Game seed: 17712382108061351035

70 gruber the Slasher (level 4, 0/23 HPs)
             Began as a Vine Stalker Fighter on Dec 5, 2020.
             Hit by a stone thrown by a gnoll (4 damage)
             ... on level 2 of the Dungeon.
             The game lasted 00:01:25 (1153 turns).

gruber the Slasher (Vine Stalker Fighter)           Turns: 1153, Time: 00:01:26

Health: 0/23       AC:  7    Str: 20    XL:     4   Next: 22%
Magic:  0/5        EV:  7    Int:  8    God:
Gold:   86         SH:  9    Dex: 13    Spells: 3/3 levels left

rFire    . . .     SeeInvis .   a - +0 long sword
rCold    . . .     Gourm    .   c - +0 kite shield
rNeg     . . .     Faith    .   b - +0 scale mail
rPois    .         Spirit   +   (no helmet)
rElec    .         Reflect  .   (no cloak)
rCorr    .         Harm     .   j - +0 pair of gloves
MR       .....                  (no boots)
Stlth    ..........             (no amulet)
HPRegen  0.47/turn              (no ring)
MPRegen  0.09/turn              (no ring)

@: lightly drained
A: fangs 2, regeneration 1, magic shield, antimagic bite, no potion heal 3, rot
immunity
a: no special abilities


You were on level 2 of the Dungeon.
You were not hungry.

You visited 1 branch of the dungeon, and saw 2 of its levels.

You collected 86 gold pieces.

Inventory:

Hand Weapons
 a - a +0 long sword (weapon)
Armour
 b - a +0 scale mail (worn)
 c - a +0 kite shield (worn)
 j - a +0 pair of gloves (worn)
Scrolls
 i - a scroll of teleportation {unknown}
 l - a scroll of fear {unknown}
 o - a scroll of random uselessness {unknown}
 q - a scroll of fog {unknown}
Potions
 d - a potion of might
 e - a potion of haste {unknown}
 g - a potion of curing {unknown}
 h - 2 potions of degeneration {unknown}
 m - a potion of ambrosia {unknown}
 n - a potion of cancellation {unknown}
 p - 2 potions of flight {unknown}
Comestibles
 f - 5 rations
 k - 3 chunks of flesh


   Skills:
 - Level 2.6(2.2) Fighting
 + Level 4.0(3.5) Long Blades
 - Level 2.4(1.9) Armour
 - Level 2.6(2.2) Shields


You had 3 spell levels left.
You didn't know any spells.
Your spell library was empty.

Dungeon Overview and Level Annotations

Branches:
Dungeon (2/15)

Altars:
Fedhas


Innate Abilities, Weirdness & Mutations

You have extremely sharp teeth.
Your natural rate of healing is unusually fast.
When hurt, damage is shared between your health and your magic reserves.
Your bite disrupts and absorbs the magic of your enemies.
Potions cannot restore your health.
You are immune to rotting.


Message History

The gnoll is severely wounded.
You hit the gnoll. Your bite misses the gnoll.
The gnoll is moderately wounded.
The gnoll hits you with a +0 flail!
* * * LOW HITPOINT WARNING * * *
You hit the gnoll. You bite the gnoll. You drain its power.
You feel invigorated.
The gnoll is severely wounded.
The gnoll hits you with a +0 flail!
* * * LOW HITPOINT WARNING * * *
The gnoll throws a stone.
The stone barely misses you.
The gnoll throws a stone.
The stone hits you.
* * * LOW HITPOINT WARNING * * *
You see here a stone.
The gnoll throws a stone.
The stone hits you.
You see here a stone.
The gnoll throws a stone.
The stone hits you but does no damage.
You see here a stone.
The gnoll throws a stone.
The stone hits you.
You die...

.......# #....gg)......#.##
#..###.# #(.#######.##.#..>
#..# #.#
##gg#######........ ...#
#.# #.g(......#.......#
#..# #.#
#...#####.#.......# #..#
#.# #...#..............
...# #.#
#.(.#.###.#.......#
#..###.##
#.(...............#
........#
#.@##.###.#.......#
#.#####.#
#..##.###.#.##.#### #.#
#..........>##.# #.#
#.........####.#### #.#
#####.####.........
#.###########..........##..
#..............###.######.#
########.##.##.# #.# ##.#
........##.##.# #.# #..#


You could see 3 gnolls.

Vanquished Creatures
  4 adders (D:2)
  A dart slug (D:1)
  A leopard gecko (D:1)
  2 giant cockroaches (D:1)
  3 goblins
  7 hobgoblins (D:1)
  4 kobolds
  A ball python (D:2)
  3 bats (D:1)
  2 frilled lizards (D:1)
  4 rats
32 creatures vanquished.

Notes
Turn   | Place    | Note
-------+----------+-------------------------------------------
     0 | D:1      | gruber the Vine Stalker Fighter began the quest for the
                  | Orb.
     0 | D:1      | Reached XP level 1. HP: 11/11 MP: 2/2
    16 | D:1      | Reached skill level 2 in Long Blades
   240 | D:1      | Reached XP level 2. HP: 16/16 MP: 3/3
   323 | D:1      | Reached skill level 3 in Long Blades
   418 | D:1      | Reached XP level 3. HP: 19/19 MP: 4/4
   909 | D:2      | Found a blossoming altar of Fedhas.
   952 | D:2      | Gained mutation: Your natural rate of healing is unusually
                  | fast. [Vine Stalker growth]
   952 | D:2      | Reached XP level 4. HP: 16/23 MP: 2/5
  1076 | D:2      | Reached skill level 4 in Long Blades
  1144 | D:2      | HP: 1/23 [gnoll/+0 flail (5)]
  1153 | D:2      | Hit by a stone thrown by a gnoll

Illustrated notes

Levels and vault maps discovered:
D:1:      sevenhm_arrival_forest_fort_small_4, layout_rooms,
          supply_closet_lemuel
D:2:      layout_loops_ring, fedhas_altar_4, chequers_temple_overflow_minitemple

Skill      XL: |  1  2  3  4 |
---------------+-------------+-----
Long Blades    | 2 3 4 |  4.0
Fighting       | |  2.6
Armour         | |  2.4
Shields        | |  2.6

Action                   |  1- 3 |  4- 6 || total
-------------------------+-------+-------++-------
Melee: Long sword        |    98 |    20 ||   118
       Bite              |    23 |     2 ||    25
  Eat: Chunk             |       |     1 ||     1
Armor: Scale mail        |    47 |     9 ||    56
Dodge: Dodged            |    24 |     8 ||    32
Block: Kite shield       |    55 |    12 ||    67
       Rpst.: Long sword |     7 |     1 ||     8
